 Dungeon Crawl Stone Soup version 0.21.1-1-g345015f (webtiles) character file.

58170 goulibeur the Agent of Entropy (level 14, -26/113 HPs)
             Began as a Demonspawn Abyssal Knight on July 20, 2018.
             Was a Priest of Lugonu.
             Annihilated by Rupert
             ... wielding a +6 great mace of protection
              (37 damage)
             ... on level 5 of the Lair of Beasts.
             The game lasted 01:57:46 (32652 turns).

goulibeur the Agent of Entropy (DsAK)              Turns: 32652, Time: 01:57:47

Health: -26/113    AC: 21    Str: 13    XL:     14   Next: 48%
Magic:  26/26      EV:  9    Int: 23    God:    Lugonu [***...]
Gold:   1196       SH:  0    Dex: 19    Spells: 13/13 levels left

rFire    + . .     SeeInvis .   F - +12 mace of Dominance {freeze, Int+8}
rCold    . . .     Gourm    +   w - +2 buckler
rNeg     + . .     Faith    .   Q - +2 plate armour {rF+}
rPois    +         Spirit   .   (helmet restricted)
rElec    .         Reflect  .   A - +2 cloak {rPois}
rCorr    .         Harm     .   h - +0 pair of gloves
MR       +....                  (no boots)
Stlth    ..........             E - amulet of the gourmand
HPRegen  0.28/turn              S - +3 ring of dexterity
MPRegen  0.20/turn              B - ring of positive energy

@: confused, studying Necromancy
A: horns 2, foul stench 2, powered by death 2, rot immunity
a: Depart the Abyss, Bend Space, Banish, Renounce Religion


You were on level 5 of the Lair of Beasts.
You worshipped Lugonu.
Lugonu was most pleased with you.
You were completely stuffed.

You visited 2 branches of the dungeon, and saw 19 of its levels.
You visited the Abyss 1 time.
You also visited: Bailey.

You collected 1196 gold pieces.

Inventory:

Hand Weapons
 r - a +4 trident of freezing
 y - the +9 heavy crossbow "Sniper" {velocity, Acc+∞ SInv}
   (You acquired it on level 12 of the Dungeon)

   Any bolt fired from it inflicts extra damage.
   It lets you see invisible.
 F - the +12 mace of Dominance (weapon) {freeze, Int+8}
   (You found it on level 7 of the Dungeon)

   It has been specially enchanted to freeze those struck by it, causing extra
   injury to most foes and up to half again as much damage against particularly
   susceptible opponents.
   It can also slow down cold-blooded creatures.
   It affects your intelligence (+8).
Armour
 h - a +0 pair of gloves (worn)
 w - a +2 buckler (worn)
 z - the +1 ring mail of the Boiling Point {-Cast rElec rN+++ Dex-3}
   (You found it on level 6 of the Dungeon)

   It affects your dexterity (-3).
   It insulates you from electricity.
   It renders you almost immune to negative energy.
   It prevents spellcasting.
 A - a +2 cloak of poison resistance (worn)
 H - a +1 plate armour of poison resistance
 J - a +0 crystal plate armour
 L - a +1 chain mail of poison resistance
 Q - a +2 plate armour of fire resistance (worn)
Jewellery
 m - an uncursed ring of ice
 u - an uncursed ring of flight
 B - a ring of positive energy (right hand)
 E - an amulet of the gourmand (around neck)
 N - a +4 ring of evasion
 R - an uncursed ring of resist corrosion
 S - a +3 ring of dexterity (left hand)
 V - an uncursed amulet of rage {unknown}
Wands
 b - a wand of iceblast (14)
 t - a wand of paralysis (12)
 v - a wand of flame (16)
 G - a wand of polymorph (42)
 I - a wand of random effects (16)
Scrolls
 d - 6 scrolls of enchant weapon
 l - 11 scrolls of identify
 o - 5 scrolls of magic mapping
 p - 2 scrolls of blinking
 q - 12 scrolls of remove curse
 x - 10 scrolls of teleportation
 K - 3 scrolls of enchant armour
 M - a scroll of fog
 O - a scroll of brand weapon {unknown}
Potions
 a - 3 potions of lignification
 e - a potion of invisibility
 f - 2 potions of might {unknown}
 g - 3 potions of flight
 i - 5 potions of brilliance
 j - 3 potions of cancellation {unknown}
 k - a potion of berserk rage
 n - 8 potions of curing
 s - a potion of agility
 C - 2 potions of ambrosia {unknown}
Books
 D - a book of Ice

   Spells                             Type                      Level
   a - Ice Form                       Ice/Transmutation            4
   b - Metabolic Englaciation         Hexes/Ice                    5
   c - Ozocubu's Refrigeration        Ice                          6
   d - Bolt of Cold                   Conjuration/Ice              6
   e - Freezing Cloud                 Conjuration/Ice/Air          6
   f - Simulacrum                     Ice/Necromancy               6
 P - a manual of Necromancy
Comestibles
 c - 40 rations
 U - 5 chunks of flesh


   Skills:
 + Level 11.3 Fighting
   Level 1.7 Short Blades
 + Level 10.3 Armour
 + Level 10.1 Dodging
 + Level 9.7 Shields
 - Level 17.6 Invocations


You had 13 spell levels left.
You didn't know any spells.

Dungeon Overview and Level Annotations

Branches:
Dungeon (14/15)            Temple (0/1) D:7            Lair (5/6) D:11
  Swamp (0/4) Lair:3       Spider (0/4) Lair:2        Slime (0/5) Lair:5
    Orc (0/2) D:11         Vaults (0/5) D:13

Altars:
Ashenzari
Cheibriados
Fedhas
Okawaru
Qazlal
Ru
Sif Muna
Trog
Wu Jian
Yredelemnul

Shops:
D:5 [

Annotations:
D:5 D-5: Entrance to Yxinit's Armour Boutique (Sud Est)
Lair:5 Rupert
Abyss:1 Azrael, Eustachio, Menkaure, Nergalle, Nessos, Psyche


Innate Abilities, Weirdness & Mutations

You have a pair of horns on your head.
You frequently emit foul miasma when damaged in melee.
You regenerate health from kills.
You are immune to rotting.


Message History

The spiny frog is no longer moving slowly.
Rupert barely misses you.
Some of the chunks of flesh in your inventory have rotted away.
You see here an inedible chunk of flesh.
You're too confused!
Rupert hits you with a great mace of protection!
* * * LOW HITPOINT WARNING * * *
Rupert looks sick.
The spiny frog stings you but does no damage.
Rupert hits you but does no damage.
You feel much better.
The spiny frog stings you but does no damage.
Rupert hits you with a great mace of protection!!
* * * LOW HITPOINT WARNING * * *
You hit Rupert. You freeze Rupert. Your headbutt misses Rupert.
Rupert is lightly wounded.
The spiny frog stings you.
* * * LOW HITPOINT WARNING * * *
Rupert hits you with a great mace of protection!!!
You die...

... #.........# ##.. ..#
##.........# #.. ..#
#P.........# P.. ..
##.........## .#
##..........P# .##
#.#.........## ..#
##...........## .#
##...........# .##
##P#..%@@....P# ..#
#P......F.....P# ...#
#P.##.........## ......
.............[...
........................
........................
........................
...............?........
.... ................


You could see Rupert (berserk) and a spiny frog.

Vanquished Creatures
  Harold (D:11)
  A centaur warrior (D:14)
  6 hydras
  4 two-headed ogres
  The ghost of Ymberto the Fighter, a novice HuHu of Okawaru (D:9)
  An ogre mage (D:13)
  3 death yaks (Lair:4)
  2 skeletal warriors
  An unseen horror (D:11)
  A deep elf archer (D:13)
  An ugly thing (D:13)
  A wolf spider (Lair:2)
  2 cyclopes
  2 deep elf magi
  4 black mambas
  Joseph (D:7)
  7 spiny frogs
  A kobold demonologist (D:14)
  4 komodo dragons
  A rime drake (Lair:3)
  A tengu conjurer (D:13)
  4 trolls
  2 hornets
  A jumping spider (Lair:2)
  2 dream sheep (D:9)
  17 blink frogs
  8 hippogriffs
  A fire elemental (D:13)
  A shadow (D:13)
  30 yaks
  A wraith (D:12)
  6 wyverns
  3 hungry ghosts
  A basilisk (Lair:4)
  7 vampire mosquitoes
  2 wargs (D:11)
  6 hell hounds (D:13)
  A soldier ant (D:12)
  6 water moccasins
  A floating eye (shapeshifter) (D:12)
  11 porcupines
  15 orc warriors
  3 ice beasts
  5 black bears
  An eye of draining (D:11)
  2 sky beasts (D:12)
  11 ogres
  A phantom (D:14)
  12 centaurs
  5 wolves (Lair:5)
  11 crocodiles
  8 big kobolds
  18 bullfrogs
  A wyvern zombie (D:12)
  A wyvern skeleton (D:12)
  6 scorpions
  12 wights
  6 howler monkeys
  3 bullfrog zombies
  A centaur zombie (D:10)
  11 crimson imps
  3 jellies
  A quasit (D:9)
  9 orc priests
  4 hounds
  2 bullfrog skeletons (D:13)
  Crazy Yiuf (D:7)
  12 orc wizards
  Ijyb (D:4)
  8 centaur skeletons
  2 hell rats
  17 worker ants
  Natasha (thrice) (D:3)
  5 iguanas
  2 worker ant zombies (D:10)
  Robin (D:4)
  7 gnolls
  A howler monkey skeleton (D:7)
  14 adders
  6 river rats (Lair:3)
  2 adder zombies
  2 worms
  2 dart slugs
  6 leopard geckos
  76 orcs
  2 ball pythons
  10 bats
  6 giant cockroaches
  20 goblins
  8 hobgoblins
  10 jackals
  32 kobolds
  10 quokkas
  4 frilled lizards
  A quokka skeleton (D:4)
  6 rats
  2 fungi (Lair:2)
  A plant (Lair:1)
589 creatures vanquished.

Vanquished Creatures (others)
  The ghost of emiel the Warrior, an adept OgFE of Cheibriados (Lair:3)
  A catoblepas (Lair:4)
  2 death knights
  A two-headed ogre (D:12)
  4 skeletal warriors (D:10)
  2 slime creatures (D:13)
  A cyclops (D:14)
  5 oklob plants
  A gargoyle (D:12)
  A freezing wraith (D:12)
  A tengu conjurer (D:13)
  The ghost of flestrin the Destroyer, an amateur DECj (D:5)
  A vampire (D:13)
  A hungry ghost (D:9)
  4 orc warriors (Bailey)
  A sky beast (D:7)
  A boggart (D:13)
  2 wights (D:7)
  A jackal (D:11)
  27 fungi
  9 plants
68 creatures vanquished.

Grand Total: 657 creatures vanquished

Notes
Turn   | Place    | Note
-------+----------+-------------------------------------------
     0 | Abyss:1  | goulibeur the Demonspawn Abyssal Knight began the quest for the Orb.
     0 | Abyss:1  | Reached XP level 1. HP: 18/18 MP: 2/2
    31 | Abyss:1  | Noticed a raiju
    32 | D:1      | Escaped the Abyss
   113 | D:1      | Reached * piety under Lugonu
   113 | D:1      | Reached skill level 1 in Dodging
   161 | D:1      | Gained mutation: You are immune to rotting. [demonic ancestry]
   161 | D:1      | Reached XP level 2. HP: 10/24 MP: 4/4
   496 | D:1      | Reached skill level 3 in Invocations
  1156 | D:2      | Gained mutation: You have a pair of small horns on your head. [demonic ancestry]
  1156 | D:2      | Reached XP level 3. HP: 28/29 MP: 5/5
  1410 | D:2      | Reached ** piety under Lugonu
  1704 | D:3      | Gained mutation: You may emit foul miasma when damaged in melee. [demonic ancestry]
  1704 | D:3      | Reached XP level 4. HP: 31/35 MP: 6/6
  1722 | D:3      | Found a faded altar of an unknown god.
  1729 | D:3      | Reached skill level 4 in Invocations
  1889 | D:3      | Noticed Natasha
  1895 | D:3      | Killed Natasha
  1942 | D:3      | Found a blossoming altar of Fedhas.
  2117 | D:3      | Noticed Natasha
  2134 | D:3      | Killed Natasha
  2276 | D:3      | Noticed Natasha
  2286 | D:3      | Killed Natasha
  2286 | D:3      | Reached XP level 5. HP: 35/42 MP: 8/8
  2369 | D:4      | Noticed Robin
  2369 | D:4      | Noticed an ogre
  2387 | D:3      | Killed an ogre
  2387 | D:3      | Reached skill level 5 in Invocations
  2518 | D:4      | Noticed Ijyb
  2539 | D:4      | Reached XP level 6. HP: 35/48 MP: 10/10
  2562 | D:4      | Killed Ijyb
  2882 | D:4      | Reached *** piety under Lugonu
  2975 | D:4      | Reached skill level 6 in Invocations
  3449 | D:4      | Killed Robin
  3495 | D:4      | Gained mutation: You regenerate a little health from kills. [demonic ancestry]
  3495 | D:4      | Reached XP level 7. HP: 26/55 MP: 11/11
  3739 | D:4      | Found a shattered altar of Ashenzari.
  4215 | D:4      | Reached skill level 7 in Invocations
  4253 | D:5      | Entered Level 5 of the Dungeon
  4258 | D:5      | Noticed flestrin's ghost (amateur DECj)
  4540 | D:5      | Banished flestrin's ghost
  4540 | D:5      | Reached skill level 1 in Shields
  5093 | D:5      | Found a snail-covered altar of Cheibriados.
  5200 | D:5      | Found Yxinit's Armour Boutique.
  5707 | D:6      | Reached skill level 5 in Fighting
  5707 | D:6      | Reached XP level 8. HP: 62/62 MP: 13/13
  5816 | D:6      | Got a heavily runed ring mail
  5827 | D:6      | Identified the +1 ring mail of the Boiling Point {-Cast rElec rN+++ Dex-3} (You found it on level 6 of the Dungeon)
  5892 | D:6      | Reached skill level 8 in Invocations
  6287 | D:6      | Noticed Eustachio
  6288 | D:6      | Banished Eustachio
  6447 | D:6      | Reached **** piety under Lugonu
  6528 | D:6      | Found a deep blue altar of Sif Muna.
  6528 | D:6      | Found a faded altar of an unknown god.
  6537 | D:6      | Found an iron altar of Okawaru.
  6539 | D:6      | Found a faded altar of an unknown god.
  6540 | D:6      | Found a stormy altar of Qazlal.
  6640 | D:6      | Found a basalt altar of Yredelemnul.
  7038 | D:7      | Noticed Menkaure
  7048 | D:7      | Banished Menkaure
  7333 | D:7      | Noticed Joseph
  7372 | D:7      | Reached skill level 9 in Invocations
  7381 | D:7      | Killed Joseph
  7429 | D:7      | Gained mutation: You frequently emit foul miasma when damaged in melee. [demonic ancestry]
  7429 | D:7      | Reached XP level 9. HP: 37/69 MP: 16/16
  8395 | D:7      | Reached skill level 5 in Armour
  8395 | D:7      | Reached skill level 10 in Invocations
  8905 | D:7      | Found a runed door.
  9225 | D:7      | Found a staircase to the Ecumenical Temple.
  9394 | D:7      | Noticed Crazy Yiuf
  9398 | D:7      | Killed Crazy Yiuf
  9401 | D:7      | Got a dazzling mace
  9416 | D:7      | Identified the +12 mace of Dominance {freeze, Int+8} (You found it on level 7 of the Dungeon)
  9573 | D:8      | Reached skill level 5 in Dodging
  9598 | D:8      | Found a sacrificial altar of Ru.
  9915 | D:8      | Reached skill level 11 in Invocations
 10165 | D:8      | Reached XP level 10. HP: 39/77 MP: 18/18
 10569 | D:9      | Noticed a death knight
 10576 | D:9      | Banished a death knight
 10952 | D:9      | Reached skill level 12 in Invocations
 10957 | D:9      | Reached skill level 5 in Shields
 11149 | D:9      | Noticed a two-headed hydra
 11154 | D:9      | Killed a two-headed hydra
 11294 | D:9      | Noticed Psyche
 11296 | D:9      | Banished Psyche
 11346 | D:9      | Found an ornate altar of the Wu Jian Council.
 11494 | D:9      | Noticed Ymberto's ghost (novice HuHu)
 11507 | D:9      | Killed Ymberto's ghost
 12075 | D:9      | Gained mutation: You have a pair of horns on your head. [demonic ancestry]
 12075 | D:9      | Reached XP level 11. HP: 86/86 MP: 20/20
 12263 | D:10     | Entered Level 10 of the Dungeon
 12270 | D:10     | Reached skill level 13 in Invocations
 12595 | D:10     | Noticed a skeletal warrior
 12595 | D:10     | Noticed a skeletal warrior
 12595 | D:10     | Noticed a skeletal warrior
 12596 | D:10     | Noticed a skeletal warrior
 12598 | D:10     | Noticed a skeletal warrior
 12604 | D:10     | Banished a skeletal warrior
 12605 | D:10     | Banished a skeletal warrior
 12607 | D:10     | Banished a skeletal warrior
 12627 | D:10     | Banished a skeletal warrior
 13180 | D:10     | HP: 3/86 [skeletal warrior/glaive[a skeletal warrior] (9)]
 13871 | D:10     | Killed a skeletal warrior
 14320 | D:11     | Killed an unseen horror
 14476 | D:11     | Found a flagged portal.
 14492 | Bailey   | Entered a bailey
 15322 | Bailey   | Reached skill level 14 in Invocations
 16678 | D:11     | Found a staircase to the Lair.
 16798 | D:11     | Noticed Nergalle
 16803 | D:11     | Banished Nergalle
 17057 | D:11     | Noticed Harold
 17069 | D:11     | Killed Harold
 17069 | D:11     | Reached XP level 12. HP: 70/94 MP: 20/22
 17493 | D:11     | Found a staircase to the Orcish Mines.
 18318 | D:12     | Found a large runed door.
 18318 | D:12     | Found a large runed door.
 18425 | D:12     | Found a large runed door.
 18425 | D:12     | Found a large runed door.
 18521 | D:12     | Reached skill level 15 in Invocations
 19025 | D:12     | Noticed a two-headed ogre
 19031 | D:12     | Killed a two-headed ogre
 19212 | D:12     | Reached ***** piety under Lugonu
 19393 | D:12     | Noticed a death knight
 19405 | D:12     | Banished a death knight
 19568 | D:12     | Noticed a two-headed ogre
 19577 | D:12     | Banished a two-headed ogre
 20421 | D:12     | Got a steaming glaive
 20473 | D:12     | Identified a scroll of acquirement
 20474 | D:12     | Found the +9 heavy crossbow "Sniper" {velocity, Acc+∞ SInv}
 20642 | D:13     | Noticed a two-headed ogre
 20653 | D:13     | Killed a two-headed ogre
 21089 | D:13     | Noticed Azrael
 21130 | D:13     | Banished Azrael
 21536 | D:13     | Reached skill level 16 in Invocations
 21560 | D:13     | Found a bloodstained altar of Trog.
 21729 | D:13     | Noticed a two-headed ogre
 21748 | D:13     | Killed a two-headed ogre
 21780 | D:13     | Noticed an ogre mage
 22169 | D:13     | Noticed a two-headed ogre
 22224 | D:13     | Killed a two-headed ogre
 22224 | D:13     | Reached XP level 13. HP: 55/103 MP: 25/25
 22248 | D:13     | HP: 3/103 [fire elemental[a deep elf mage] (5)]
 23803 | D:13     | Reached skill level 10 in Fighting
 24240 | D:13     | Found a gate to the Vaults.
 25355 | Lair:1   | Entered Level 1 of the Lair of Beasts
 25559 | Lair:1   | Reached skill level 17 in Invocations
 27609 | Lair:2   | Found a hole to the Spider Nest.
 27952 | Lair:3   | Noticed emiel's ghost (adept OgFE)
 28694 | Lair:3   | HP: 5/104 [emiel's ghost (30)]
 29242 | Lair:3   | Gained mutation: You regenerate health from kills. [demonic ancestry]
 29242 | Lair:3   | Reached XP level 14. HP: 95/111 MP: 26/26
 29834 | Lair:3   | Found a staircase to the Swamp.
 29920 | Lair:3   | Banished emiel's ghost
 31187 | Lair:4   | Reached skill level 10 in Armour
 31598 | Lair:4   | Noticed Nessos
 31598 | Lair:4   | Banished Nessos
 31785 | Lair:4   | Reached skill level 10 in Dodging
 32106 | Lair:5   | Found a staircase to the Slime Pits.
 32643 | Lair:5   | Noticed Rupert
 32652 | Lair:5   | Annihilated by Rupert

Skill      XL: |  1  2  3  4  5  6  7  8  9 10 11 12 13 14 |
---------------+-------------------------------------------+-----
Dodging        | 1 2 3 4 5 6 7 8 9 10 | 10.1
Invocations    | 3 4 5 6 7 9 11 12 14 16 17 | 17.6
Armour         | 2 3 4 5 6 7 8 9 10 | 10.3
Fighting       | 4 5 6 7 8 9 10 11 | 11.3
Shields        | 1 3 4 5 6 7 9 |  9.7
Short Blades   | |  1.7

Action                   |  1- 3 |  4- 6 |  7- 9 | 10-12 | 13-15 || total
-------------------------+-------+-------+-------+-------+-------++-------
Melee: Short sword       |   154 |   193 |   650 |       |       ||   997
       Headbutt          |    13 |    42 |   128 |   161 |   148 ||   492
       Mace              |       |       |    72 |   818 |   653 ||  1543
       Trident           |       |       |    33 |       |       ||    33
Invok: Depart the Abyss  |     1 |       |       |       |       ||     1
       Banish            |       |       |     6 |    31 |    25 ||    62
       Bend Space        |       |       |     2 |     4 |     2 ||     8
  Use: Scroll            |     7 |       |     8 |    10 |     2 ||    27
       Potion            |       |       |       |     4 |     4 ||     8
  Eat: Chunk             |     3 |     6 |    36 |    65 |    44 ||   154
       Ration            |       |       |     1 |       |     1 ||     2
Armor: Leather armour    |     5 |       |       |       |       ||     5
       Scale mail        |    84 |    75 |   254 |       |       ||   413
       Plate armour      |       |       |   142 |   502 |   477 ||  1121
       Crystal plate arm |       |       |       |   288 |       ||   288
Dodge: Dodged            |    86 |    86 |   274 |   249 |   229 ||   924
Block: Buckler           |       |       |   134 |   345 |   344 ||   823
